cohdb
Replays
Latest Replays
All Replays
Popular Replays
Top Player Replays
Match Explorer
How It Works
Community
CoH3 Stats
Reddit
Sign in to upload your games and track your stats! →
Sign in with Steam
Match 40916397
Unlisted
Match 40916397
Overview
Messages
Build Orders
End
Construct Section Command Post
Selects Canadian Shock Battlegroup
Infantry Section
Vickers Machine Gun Team
Infantry Section
Construct Field Infirmary
Infantry Section
Construct Platoon Command Post
6-pounder Anti-tank Gun Team
Selects Attacking Spirit
Selects Canadian Shock Section
Canadian Shock Section
Construct Company Command Post
Selects Incendiary Munitions
Selects Pyrotechnics
Foot Guards Section
Matilda II Heavy Tank
Matilda II Heavy Tank
kristianjohnsen
Nuztad
Leo invictum
Thunderdragn
0
0
Comments
sign in to comment!
No comments posted yet!